AoeStats
← Koti

Coastal Forest

510310828Analyzed
3v3 RM · 2d ago on Sep 30, 2026· 55m 50s· 6 players
Game mode
Random Map
Map size
Normal (6 player)
Population
200
Speed
Normal
Resources
Standard
Victory
Conquest
Starting age
Dark Age
Ending age
Imperial Age
RankedLock teamsTeams togetherTeam positionsShared explorationLock speedFull tech treeHidden civsTurbo modeCheats
Victory
Defeat
🇹🇷 Britons · Türkiye
1649
+15
🇫🇷 Danes · France
1647
+15
🇨🇦 Varangians · Canada
1582
+19
🇹🇼 Spanish · Taiwan
1648
-17
🇹🇼 Byzantines · Taiwan
1638
-16
🇹🇼 Goths · Taiwan
1614
-16
Koti
6:37 Loom
8:53 Feudal Age
9:14 Man-at-Arms
14:14 Arson
16:36 Double-Bit Axe
17:28 Scale Mail Armor
20:14 Forging
25:04 Castle Age
23:52 Horse Collar
24:13 Gold Mining
25:09 Long Swordsman
25:50 Squires
26:06 Chain Mail Armor
26:26 Iron Casting
26:38 Gambesons
31:06 Bow Saw
31:50 Iron Casting
33:19 Pikeman
37:10 Wheelbarrow
39:30 Hand Cart
43:25 Imperial Age
42:15 Town Watch
43:29 Elite Varangian Guard
44:39 Plate Mail Armor
45:10 Blast Furnace
52:01 Conscription
51:18 Hamask
55:09 Town Patrol
55:48 Careening
55:49 Clinker Construction
56:40 Chemistry
56:00 Ballistics
55:33 Fletching
Funkyton
6:13 Loom
9:05 Feudal Age
12:02 Bloodlines
16:33 Forging
17:20 Scale Barding Armor
21:03 Double-Bit Axe
23:49 Castle Age
23:53 Light Cavalry
24:34 Husbandry
25:11 Chain Barding Armor
25:26 Iron Casting
25:09 Horse Collar
28:03 Wheelbarrow
29:57 Town Watch
32:49 Hand Cart
33:30 Iron Casting
42:19 Imperial Age
42:05 Vendel Legacy
42:30 Capped Ram
42:32 Cavalier
43:49 Plate Barding Armor
43:35 Town Patrol
47:59 Blast Furnace
50:29 Hussar
53:43 Conscription
55:21 Elite Longship
LonzoWall
7:06 Loom
10:07 Feudal Age
13:19 Double-Bit Axe
15:44 Castle Age
14:53 Fletching
15:38 Horse Collar
15:50 Crossbowman
16:26 Gold Mining
20:24 Bodkin Arrow
23:10 Ballistics
26:28 Wheelbarrow
32:34 Imperial Age
32:20 Bow Saw
33:48 Bracer
34:49 Chemistry
34:48 Arbalester
40:49 Two-Man Saw
40:05 Hand Cart
41:54 Padded Archer Armor
45:52 Leather Archer Armor
46:20 Conscription
47:06 Coinage
48:26 Ring Archer Armor
48:23 Yeomen
54:36 Town Watch
Old_two
6:26 Loom
8:47 Feudal Age
9:52 Double-Bit Axe
11:46 Horse Collar
18:45 Wheelbarrow
22:49 Castle Age
21:16 Bloodlines
22:56 Scale Barding Armor
30:20 Heavy Plow
35:43 Fortified Wall
40:10 Bow Saw
41:56 Gold Mining
BøM_antihack.exe
7:12 Loom
9:56 Feudal Age
14:25 Castle Age
12:37 Double-Bit Axe
14:54 Scale Barding Armor
20:07 Chain Barding Armor
20:49 Gold Mining
23:42 Forging
24:56 Husbandry
28:46 Bow Saw
29:17 Fletching
29:10 Fishing Lines
30:29 Gillnets
32:23 Iron Casting
35:02 Wheelbarrow
36:04 Caravan
37:36 Gold Shaft Mining
41:38 Imperial Age
39:19 Bodkin Arrow
39:48 Stone Mining
40:06 Padded Archer Armor
39:35 Crossbowman
40:21 Thumb Ring
41:05 Leather Archer Armor
41:18 Ballistics
41:41 Arbalester
42:28 Bracer
41:59 Elite Skirmisher
44:23 Ring Archer Armor
46:20 Chemistry
51:52 Medium Warships
BøM_Sheuu
7:03 Loom
9:42 Feudal Age
9:46 Man-at-Arms
11:13 Double-Bit Axe
16:40 Fletching
23:38 Castle Age
23:07 Bloodlines
23:06 Scale Barding Armor
23:36 Horse Collar
25:23 Chain Barding Armor
31:57 Wheelbarrow
31:41 Bow Saw
32:38 Bodkin Arrow
39:29 Stone Mining
41:18 Gold Mining
43:07 Stone Shaft Mining
44:15 Heavy Plow
48:37 Imperial Age
46:32 Anarchy
46:44 Scale Mail Armor
47:45 Chain Mail Armor
48:09 Squires
51:04 Forging
Connection lost

Rejoining the realm…

Still unreachable

The connection could not be restored.

Session expired

The server has moved on; the page needs a fresh start.